 Dungeon Sprint DCSS version 0.17-a0-1805-g6093636 (webtiles) character file.

810 pipel the Protected (level 7, -5/102 HPs)
             Began as a Hill Orc Skald on Sept 12, 2015.
             Was a High Priest of Qazlal.
             Slain by a gnoll sergeant
             ... wielding a +1 spear of freezing
              (7 damage)
             ... in the Dungeon (Sprint VII: "The Pits").
             The game lasted 00:07:02 (775 turns).

pipel the Protected (Hill Orc Skald)                 Turns: 775, Time: 00:07:02

Health: -5/102     AC:  4    Str: 22    XL:     7   Next: 92%
Magic:  5/14       EV: 14    Int: 12    God:    Qazlal [*****.]
Gold:   0          SH:  6    Dex: 10    Spells: 3 memorised, 8 levels left

rFire  . . .     SeeInvis .     a - +2 hand axe (freeze)
rCold  + . .     Clarity  .     p - +0 leather armour
rNeg   . . .     SustAt   .     (no shield)
rPois  .         Gourm    .     (no helmet)
rElec  .         Spirit   .     (no cloak)
rCorr  .         Warding  .     (no gloves)
rMut   .         NoTele   +     (no boots)
MR     .....                    (no amulet)
Stlth  ..........               (no ring)
                                (no ring)

@: berserking, lethally poisoned (-5 -> -10), protected from cold, very slightly
contaminated, repel missiles, very quick, not resistant to hostile enchantments,
extremely unstealthy
A: no striking features
a: Upheaval, Elemental Force, Disaster Area, Renounce Religion


You were in the Dungeon.
You worshipped Qazlal.
Qazlal was extremely pleased with you.
You were not hungry.

You visited 1 branch

Inventory:

Hand weapons
 a - a +2 hand axe of freezing (weapon)
 u - a +2 hand axe
 v - a +0 hand axe
Missiles
 o - 10 stones (quivered)
Armour
 p - a +0 leather armour (worn)
 w - a +2 plate armour
 x - a +3 chain mail
Magical staves
 b - an uncursed staff of energy
Scrolls
 j - a scroll of blinking
 q - 3 scrolls of remove curse
 r - 5 scrolls of amnesia
 s - a scroll of summoning
 t - 2 scrolls of vulnerability
Potions
 e - 4 potions of curing
 g - a potion of haste
 h - 4 potions of magic
 i - a potion of berserk rage
 k - 4 potions of heal wounds
 n - 2 potions of invisibility
Books
 c - a book of Battle

   Spells                             Type                      Level
   a - Infusion                       Charms                       1
   b - Shroud of Golubria             Charms/Translocation         2
   c - Song of Slaying                Charms                       2
   d - Spectral Weapon                Hexes/Charms                 3
   e - Regeneration                   Charms/Necromancy            3
Comestibles
 d - 8 bread rations
 f - 5 chunks of flesh
 l - 40 fruits
 m - 7 meat rations


   Skills:
 + Level 8.0 Fighting
 + Level 8.0 Axes
 * Level 8.8 Armour
 + Level 6.2 Dodging
 - Level 0.1 Stealth
 - Level 4.7 Spellcasting
 + Level 2.7 Hexes
 + Level 6.5 Charms
 + Level 0.8 Necromancy
 - Level 1.3 Evocations


You had 8 spell levels left.
You knew the following spells:

 Your Spells              Type           Power        Failure   Level  Hunger
a - Infusion              Chrm           ###...       1%          1    None
b - Spectral Weapon       Hex/Chrm       ##......     12%         3    ###....
c - Regeneration          Chrm/Necr      ##........   17%         3    ###....


Dungeon Overview and Level Annotations

Branches:
Dungeon (1/1)

Altars:
Ashenzari
Cheibriados
Dithmenos
Elyvilon
Fedhas
Gozag
Kikubaaqudgha
Makhleb
Nemelex Xobeh
Okawaru
Qazlal
Ru
Sif Muna
Trog
Vehumet
Xom
Yredelemnul
Zin
The Shining One
Beogh
Jiyva
Lugonu


Message History

You miss the black mamba.
The black mamba is almost dead.
The black mamba closely misses you.
The gnoll sergeant hits you from afar with a spear of freezing.
* * * LOW HITPOINT WARNING * * *
The gnoll sergeant freezes you.
* * * LOW HITPOINT WARNING * * *
Your resistance to physical damage fades away.
You feel protected from cold.
You hit the black mamba. You freeze the black mamba.
The black mamba seems to slow down.
The black mamba is almost dead.
* * * LOW HITPOINT WARNING * * *
You feel sick. You block the black mamba's attack.
Unknown command.
Unknown command.
You miss the black mamba.
The black mamba is almost dead.
The gnoll sergeant hits you from afar with a spear of freezing!
You die...

#.#..########...<...#
#.#..'..)).##.......#
#.#..#.))).##.......#
#'###########.......#
#...))..#..##########
#.###...#.## ###
#.#.§...#.# ...#
#.#...#.#'#h...#
#.....#.#@Sgg..+
#...###.#†#g...#
#.......†.# ...#
########### ###


You could see a black mamba, a gnoll sergeant, 2 gnolls and a jackal.

Vanquished Creatures
  Prince Ribbit (D)
  A redback (D)
  A porcupine (D)
  A phantom (D)
  A big kobold (D)
  An orc priest (D)
  2 orc wizards (D)
  2 quasits (D)
  3 gnolls (D)
  A river rat (D)
  2 ufetubi (D)
  A worm (D)
  An orc (D)
  2 giant cockroaches (D)
  2 quokkas (D)
  A ball python skeleton (D)
  A bat (D)
  A goblin (D)
  A spectral weapon (D)
26 creatures vanquished.

Notes
Turn   | Place    | Note
--------------------------------------------------------------
     0 | D        | pipel the Hill Orc Skald began the quest for the Orb.
     0 | D        | Reached XP level 1. HP: 18/18 MP: 3/3
    20 | D        | Reached skill level 3 in Axes
    54 | D        | Found a sacrificial altar of Ru.
    54 | D        | Found a basalt altar of Yredelemnul.
    54 | D        | Found a glowing golden altar of the Shining One.
    54 | D        | Found a deep blue altar of Sif Muna.
    54 | D        | Found a burning altar of Makhleb.
    54 | D        | Found an ancient bone altar of Kikubaaqudgha.
    54 | D        | Found a glowing silver altar of Zin.
    55 | D        | Found a shadowy altar of Dithmenos.
    55 | D        | Found a bloodstained altar of Trog.
    55 | D        | Found a shattered altar of Ashenzari.
    55 | D        | Found a white marble altar of Elyvilon.
    55 | D        | Found a snail-covered altar of Cheibriados.
    55 | D        | Found a blossoming altar of Fedhas.
    55 | D        | Found a radiant altar of Vehumet.
    55 | D        | Found a shimmering altar of Xom.
    55 | D        | Found a sparkling altar of Nemelex Xobeh.
    55 | D        | Found a corrupted altar of Lugonu.
    55 | D        | Found a viscous altar of Jiyva.
    55 | D        | Found a roughly hewn altar of Beogh.
    55 | D        | Found an iron altar of Okawaru.
    60 | D        | Found a stormy altar of Qazlal.
    60 | D        | Found an opulent altar of Gozag.
    63 | D        | Became a worshipper of Qazlal Stormbringer
   177 | D        | Reached skill level 1 in Dodging
   177 | D        | Reached XP level 2. HP: 15/25 MP: 1/4
   316 | D        | Acquired Qazlal's first power
   382 | D        | Reached skill level 4 in Fighting
   382 | D        | Reached XP level 3. HP: 22/33 MP: 3/6
   388 | D        | Acquired Qazlal's second power
   516 | D        | Learned a level 3 spell: Spectral Weapon
   550 | D        | Noticed Prince Ribbit
   550 | D        | Noticed an orc wizard
   550 | D        | Noticed a quasit
   551 | D        | Noticed an orc wizard
   551 | D        | Noticed a porcupine
   552 | D        | Noticed an orc priest
   555 | D        | Killed an orc wizard
   555 | D        | Reached XP level 4. HP: 32/41 MP: 3/7
   559 | D        | Killed an orc priest
   559 | D        | Acquired Qazlal's third power
   559 | D        | Reached skill level 5 in Axes
   565 | D        | Killed a quasit
   565 | D        | Reached skill level 5 in Fighting
   565 | D        | Reached skill level 1 in Hexes
   565 | D        | Reached XP level 5. HP: 48/48 MP: 1/9
   568 | D        | Noticed a phantom
   568 | D        | Killed an orc wizard
   574 | D        | Killed Prince Ribbit
   574 | D        | Acquired Qazlal's fourth power
   574 | D        | Reached skill level 6 in Fighting
   574 | D        | Reached skill level 5 in Dodging
   574 | D        | Reached skill level 5 in Charms
   574 | D        | Reached XP level 6. HP: 32/58 MP: 2/11
   575 | D        | Killed a porcupine
   575 | D        | Reached skill level 7 in Fighting
   575 | D        | Reached XP level 7. HP: 20/66 MP: 2/12
   579 | D        | Killed a phantom
   582 | D        | Noticed a quasit
   587 | D        | Killed a quasit
   587 | D        | Reached skill level 8 in Armour
   593 | D        | Learned a level 3 spell: Regeneration
   689 | D        | Noticed a big kobold
   694 | D        | Killed a big kobold
   697 | D        | Noticed a redback
   700 | D        | Killed a redback
   700 | D        | Reached skill level 1 in Evocations
   704 | D        | Acquired Qazlal's fifth power
   754 | D        | Noticed a black mamba
   754 | D        | Noticed a gnoll sergeant
   773 | D        | HP: 5/102 [gnoll sergeant/spear of freezing (4)]
   774 | D        | HP: 2/102 [poisoned by a black mamba]
   775 | D        | Slain by a gnoll sergeant

Vault maps used:
D:        pitsprint

Action                   |  1- 3 |  4- 6 |  7- 9 || total
-------------------------+-------+-------+-------++-------
Melee: Hand axe          |    41 |    15 |    47 ||   103
 Cast: Infusion          |     4 |       |       ||     4
       Spectral Weapon   |     1 |     1 |     3 ||     5
       Regeneration      |       |       |     8 ||     8
Evoke: Staff of energy   |       |       |    13 ||    13
  Use: Potion            |     1 |     2 |     3 ||     6
  Eat: Chunk             |       |       |     2 ||     2
